 Dungeon Crawl Stone Soup version 0.19.4-12-gccf7e64 (webtiles) character file.

6663 sankara the Cruncher (level 10, 0/92 HPs)
             Began as a Minotaur Gladiator on Feb 27, 2017.
             Was a High Priest of Okawaru.
             Slain by an unseen horror (4 damage)
             ... on level 10 of the Dungeon.
             The game lasted 00:28:07 (10712 turns).

sankara the Cruncher (Minotaur Gladiator)          Turns: 10712, Time: 00:28:07

Health: 0/92       AC: 13    Str: 20    XL:     10   Next: 73%
Magic:  13/13      EV: 11    Int:  5    God:    Okawaru [*****.]
Gold:   465        SH:  0    Dex: 16    Spells: 0 memorised, 9 levels left

rFire  . . .     SeeInvis .     a - +0 quarterstaff
rCold  . . .     Gourm    .     w - +1 chain mail {rPois}
rNeg   + + .     Faith    .     (shield currently unavailable)
rPois  +         Spirit   .     c - +0 hat
rElec  .         Reflect  .     (no cloak)
rCorr  .         Harm     .     b - +0 pair of gloves
MR     .....     Clarity  +     (no boots)
Stlth  ..........               (no amulet)
                                D - ring of positive energy
                                n - ring of positive energy

@: very slightly contaminated, hasted, very quick
A: retaliatory headbutt, horns 2, agile 1, clarity, mutation resistance 1
a: Heroism, Finesse, Renounce Religion


You were on level 10 of the Dungeon.
You worshipped Okawaru.
Okawaru was extremely pleased with you.
You were very hungry.

You visited 2 branches of the dungeon, and saw 11 of its levels.

You collected 465 gold pieces.

Inventory:

Hand Weapons
 a - a +0 quarterstaff (weapon)
 y - a +0 whip of electrocution
Missiles
 d - 3 throwing nets (quivered)
 B - 6 javelins of penetration
 L - 3 poisoned tomahawks
Armour
 b - a +0 pair of gloves (worn)
 c - a +0 hat (worn)
 w - a +1 chain mail of poison resistance (worn)
 z - a cursed +0 plate armour
Jewellery
 n - a ring of positive energy (left hand)
 D - a ring of positive energy (right hand)
Wands
 o - a wand of lightning (6/15)
 q - a wand of iceblast (6/15)
 t - a wand of polymorph (12/24)
 E - a wand of confusion (25/48)
Scrolls
 e - 2 scrolls of remove curse
 h - 6 scrolls of teleportation
 j - 6 scrolls of identify
 l - 3 scrolls of magic mapping
 m - a scroll of blinking {unknown}
 p - a scroll of enchant armour {unknown}
 F - a scroll of enchant weapon {unknown}
 G - a scroll of recharging {unknown}
 I - a scroll of immolation {unknown}
 J - a scroll of noise {unknown}
Potions
 g - a potion of brilliance
 s - a potion of cure mutation
 v - a potion of cancellation
 A - 2 potions of degeneration
Books
 H - a book of Maledictions

   Spells                             Type                      Level
   a - Corona                         Hexes                        1
   b - Ensorcelled Hibernation        Hexes/Ice                    2
   c - Confuse                        Hexes                        3
   d - Tukima's Dance                 Hexes                        3
   e - Dazzling Spray                 Conjuration/Hexes            3
Comestibles
 f - 4 bread rations
 k - a slice of pizza
 r - 3 fruits
 u - 5 meat rations
 x - a beef jerky


   Skills:
 + Level 9.6 Fighting
 + Level 12.6 Staves
 - Level 2.0 Throwing
 + Level 8.0 Armour
 + Level 5.0 Dodging
 + Level 6.3 Invocations


You had 9 spell levels left.
You didn't know any spells.

Dungeon Overview and Level Annotations

Branches:
Dungeon (10/15)            Temple (1/1) D:4            Lair (0/6) D:9
    Orc (0/2) D:9

Altars:
Ashenzari
Cheibriados
Dithmenos
Elyvilon
Fedhas
Gozag
Hepliaklqana
Kikubaaqudgha
Makhleb
Nemelex Xobeh
Okawaru
Qazlal
Ru
Sif Muna
Trog
Uskayaw
Vehumet
Xom
Yredelemnul
Zin
The Shining One

Shops:
D:5 %   D:8 [


Innate Abilities, Weirdness & Mutations

You reflexively headbutt those who attack you in melee.
You have a pair of horns on your head.
You are agile. (Dex +2)
You possess an exceptional clarity of mind.
You are somewhat resistant to further mutation.


Message History

* * * LOW HITPOINT WARNING * * *
You hit something. Something hits you.
* * * LOW HITPOINT WARNING * * *
Something hits you but does no damage.
You sock something! Your headbutt misses something. Something hits you.
* * * LOW HITPOINT WARNING * * *
Something hits you.
* * * LOW HITPOINT WARNING * * *
Something hits you but does no damage. x2
Your chain mail prevents you from hitting something.
Something hits you.
* * * LOW HITPOINT WARNING * * *
Something hits you but does no damage. Something hits you.
* * * LOW HITPOINT WARNING * * *
It was a potion of haste.
You feel yourself speed up. Something hits you but does no damage.
You are very lightly contaminated with residual magic.
Something hits you.
You die...

.. .....##.##..# #.
##.###.##.###.# #.
#.. #.##.###.# #+#
#.##.####...)....#
#.#
#.........##.#####
#.# ####.#######.#
##.####### #.#
#.#####
.####...##...######.#
#......
................@...#
#######
#####...##...########
##.####### #.# #.#
#†# #.# #.# #.#######


There were no monsters in sight!

Vanquished Creatures
  The ghost of Exporg the Cruncher, a novice MiFi of Trog (D:9)
  Pikel (D:4)
  Joseph (D:7)
  A komodo dragon (D:5)
  The ghost of sankara the Ruffian, an amateur TrTm (D:5)
  A hornet (D:10)
  2 hungry ghosts (D:10)
  Edmund (D:4)
  2 ice beasts
  2 phantoms
  3 slaves (D:4)
  A black bear (D:6)
  3 orc warriors (D:7)
  2 sky beasts
  A necrophage (D:6)
  2 ogres
  4 centaurs
  2 bullfrogs
  A scorpion (D:4)
  13 killer bees
  A howler monkey (D:4)
  9 wights
  2 crimson imps (D:8)
  A bullfrog zombie (D:6)
  3 hounds
  A quasit (D:6)
  3 bullfrog skeletons
  2 jellies
  5 orc priests
  2 iguanas
  11 orc wizards
  10 worker ants
  A killer bee zombie (D:8)
  A worker ant zombie (D:5)
  12 adders
  3 gnolls (D:3)
  2 oozes (D:4)
  2 adder zombies
  An adder skeleton (D:9)
  2 dart slugs (D:1)
  7 leopard geckos
  33 orcs
  7 giant cockroaches
  5 goblins
  11 hobgoblins
  14 jackals
  8 kobolds
  7 quokkas
  6 bats
  7 frilled lizards
  A leopard gecko skeleton (D:4)
  2 quokka skeletons
  7 rats
234 creatures vanquished.

Vanquished Creatures (others)
  An orc wizard (D:4)
  An adder (D:4)
  An adder skeleton (D:4)
  5 orcs (D:4)
8 creatures vanquished.

Grand Total: 242 creatures vanquished

Notes
Turn   | Place    | Note
-------+----------+-------------------------------------------
     0 | D:1      | sankara the Minotaur Gladiator began the quest for the Orb.
     0 | D:1      | Reached XP level 1. HP: 18/18 MP: 0/0
   395 | D:1      | Reached XP level 2. HP: 25/25 MP: 1/1
   448 | D:1      | Reached skill level 4 in Staves
   802 | D:1      | Reached XP level 3. HP: 29/31 MP: 2/2
   873 | D:2      | Found an iron altar of Okawaru.
   965 | D:2      | Became a worshipper of Warmaster Okawaru
  1204 | D:2      | Reached XP level 4. HP: 30/38 MP: 3/3
  1614 | D:2      | Found a hide-covered altar of Uskayaw.
  1676 | D:2      | Reached skill level 5 in Staves
  1970 | D:3      | Reached XP level 5. HP: 42/46 MP: 4/4
  2413 | D:3      | Noticed a centaur
  2425 | D:3      | Killed a centaur
  2425 | D:3      | Reached * piety under Okawaru
  2425 | D:3      | Reached skill level 6 in Staves
  2755 | D:3      | Reached XP level 6. HP: 49/55 MP: 5/5
  3215 | D:4      | Found a radiant altar of Vehumet.
  3289 | D:4      | Found a blossoming altar of Fedhas.
  3304 | D:4      | Noticed a slave
  3305 | D:4      | Noticed a slave
  3306 | D:4      | Noticed Pikel
  3456 | D:4      | Noticed Edmund
  3477 | D:4      | Reached skill level 5 in Fighting
  3483 | D:4      | Killed Edmund
  3483 | D:4      | Reached skill level 7 in Staves
  3483 | D:4      | Reached skill level 1 in Armour
  3498 | D:4      | Reached XP level 7. HP: 13/61 MP: 6/6
  3774 | D:4      | Reached ** piety under Okawaru
  3903 | D:4      | Reached skill level 1 in Invocations
  4138 | D:4      | Found a blossoming altar of Fedhas.
  4374 | D:4      | Killed Pikel
  4374 | D:4      | Reached skill level 9 in Staves
  4374 | D:4      | Reached XP level 8. HP: 40/71 MP: 7/9
  4545 | D:4      | Reached *** piety under Okawaru
  4553 | D:4      | Found an opulent altar of Gozag.
  4563 | D:4      | Found a deep blue altar of Sif Muna.
  4770 | D:4      | Found a staircase to the Ecumenical Temple.
  4779 | Temple   | Entered the Ecumenical Temple
  5033 | D:5      | Entered Level 5 of the Dungeon
  5100 | D:5      | Noticed a komodo dragon
  5114 | D:5      | Killed a komodo dragon
  5525 | D:5      | Noticed sankara's ghost (amateur TrTm)
  5549 | D:5      | Killed sankara's ghost
  5549 | D:5      | Reached skill level 10 in Staves
  5549 | D:5      | Reached skill level 5 in Armour
  5549 | D:5      | Reached XP level 9. HP: 71/79 MP: 8/11
  5570 | D:5      | Found a hazy altar of Hepliaklqana.
  5640 | D:5      | Found a white marble altar of Elyvilon.
  5656 | D:5      | Found Xilluuri's Food Shoppe.
  6580 | D:6      | Found a sparkling altar of Nemelex Xobeh.
  6610 | D:6      | Reached **** piety under Okawaru
  6618 | D:6      | Found an ancient bone altar of Kikubaaqudgha.
  7039 | D:7      | Reached skill level 11 in Staves
  7115 | D:7      | Gained mutation: You are weak. (Str -2) [potion of mutation]
  7115 | D:7      | Gained mutation: You tend to lose your temper in combat. [potion of mutation]
  7115 | D:7      | Gained mutation: You expend magic power (3 MP) to strengthen your wands. [potion of mutation]
  7268 | D:7      | Noticed Joseph
  7289 | D:7      | Killed Joseph
  7289 | D:7      | Reached skill level 5 in Invocations
  7918 | D:7      | Reached XP level 10. HP: 20/90 MP: 9/13
  8230 | D:7      | Found a deep blue altar of Sif Muna.
  8358 | D:7      | Found a shattered altar of Ashenzari.
  8433 | D:7      | Found a sacrificial altar of Ru.
  8615 | D:8      | Found Faggugh's Armour Shop.
  8645 | D:8      | Received a gift from Okawaru
  8663 | D:8      | Reached skill level 12 in Staves
  9125 | D:8      | Lost mutation: You tend to lose your temper in combat. [potion of cure mutation]
  9125 | D:8      | Lost mutation: You are weak. (Str -2) [potion of cure mutation]
  9125 | D:8      | Lost mutation: You expend magic power (3 MP) to strengthen your wands. [potion of cure mutation]
  9154 | D:8      | Gained mutation: Your muscles are strong. (Str +2) [mutagenic meat]
  9155 | D:8      | Lost mutation: Your muscles are strong. (Str +2) [mutagenic meat]
  9156 | D:8      | Gained mutation: You are somewhat resistant to further mutation. [mutagenic meat]
  9158 | D:8      | Gained mutation: You are agile. (Dex +2) [mutagenic meat]
  9159 | D:8      | Gained mutation: You possess an exceptional clarity of mind. [mutagenic meat]
  9226 | D:8      | You fall through a shaft for 2 floors!
  9226 | D:10     | Entered Level 10 of the Dungeon
  9303 | D:10     | Reached ***** piety under Okawaru
  9592 | D:9      | Noticed Exporg's ghost (novice MiFi)
  9655 | D:9      | Killed Exporg's ghost
  9662 | D:9      | Received a gift from Okawaru
  9928 | D:9      | Found a staircase to the Orcish Mines.
  9952 | D:9      | Found a staircase to the Lair.
 10308 | D:9      | Found a faded altar of an unknown god.
 10308 | D:9      | Found a faded altar of an unknown god.
 10313 | D:9      | Found a faded altar of an unknown god.
 10316 | D:9      | Found a basalt altar of Yredelemnul.
 10320 | D:9      | Found a faded altar of an unknown god.
 10654 | D:10     | Reached skill level 5 in Dodging
 10708 | D:10     | HP: 4/92 [something (5)]
 10712 | D:10     | Slain by an unseen horror

Skill      XL: |  1  2  3  4  5  6  7  8  9 10 |
---------------+-------------------------------+-----
Staves         | 4 5 6 7 9 10 11 12 | 12.6
Fighting       | 3 4 5 6 7 8 9 |  9.6
Dodging        | 4 5 |  5.0
Armour         | 2 3 5 6 8 |  8.0
Invocations    | 2 4 5 6 |  6.3
Throwing       | |  2.0

Action                   |  1- 3 |  4- 6 |  7- 9 | 10-12 || total
-------------------------+-------+-------+-------+-------++-------
Melee: Quarterstaff      |    89 |   129 |   366 |   269 ||   853
       Headbutt          |     7 |    25 |    81 |    52 ||   165
Invok: Heroism           |       |     1 |     4 |     1 ||     6
       Finesse           |       |       |       |     1 ||     1
  Use: Scroll            |       |     1 |     3 |     4 ||     8
       Potion            |       |       |    13 |     4 ||    17
 Stab: Invisible         |       |       |     1 |       ||     1
  Eat: Chunk             |     1 |     7 |    15 |    14 ||    37
       Fruit             |       |       |       |     3 ||     3
Armor: Leather armour    |    19 |     6 |       |       ||    25
       Scale mail        |       |    29 |       |       ||    29
       Chain mail        |       |    15 |   123 |   148 ||   286
Dodge: Dodged            |    60 |    67 |   106 |   103 ||   336
